[ AOE2 MATCH · #507624835 ]
UnrankedSpanish vs Dravidians
Player's team · LOSS
[ REPLAY ANALYSIS · EXTRACTED FROM THE RECORDED GAME ]
Feudal
11:18
Castle
19:08
Imperial
—
| APM avg | 29.5 |
| APM peak | 53 |
| eAPM avg | 14.9 |
| Villagers / military | 61 / 51 |
Focus
⚔️ 24.3% · 🌾 75.7%
Conquistador ×32 · Missionary ×16 · Fishing Ship ×7 · Monk ×3
Feudal
10:27
Castle
17:34
Imperial
—
| APM avg | 63.6 |
| APM peak | 86 |
| eAPM avg | 32.2 |
| Villagers / military | 96 / 50 |
Focus
⚔️ 21.6% · 🌾 78.4%
Skirmisher ×30 · Fishing Ship ×20 · Elephant Archer ×12 · Militia ×3 · Monk ×2 · Galley ×2
Match map
Initial resources + every placement click. Lines = walls · curves = elevation contours. ◆ gold · ⬟ stone · ● berries · ✦ relic · ◌ wall gap
Your base· Open — 8t gap
acherafo1234's base· Open — unwalled flank
Smoothed initial terrain · ◌ = detected wall gap · hover for details
Inputs per minute
— Real 2K - - acherafo1234
Build order — Real 2K
First 150 of 191 actions detected
| 0:01 | Queue | Villager (Male) |
| 0:01 | Queue | Villager (Male) |
| 0:02 | Queue | Villager (Male) |
| 0:02 | Build | House |
| 0:04 | Build | House |
| 0:07 | Queue | Villager (Male) |
| 1:27 | Queue | Villager (Male) |
| 1:44 | Build | Lumber Camp |
| 2:02 | Queue | Villager (Male) |
| 2:21 | Queue | Villager (Male) |
| 2:49 | Queue | Villager (Male) |
| 3:04 | Queue | Villager (Male) |
| 3:37 | Queue | Villager (Male) |
| 3:52 | Build | House |
| 4:06 | Queue | Villager (Male) |
| 4:22 | Build | House |
| 4:38 | Queue | Villager (Male) |
| 4:43 | Build | Dock |
| 4:48 | Build | House |
| 4:49 | Queue | Villager (Male) |
| 5:15 | Queue | Villager (Male) |
| 5:50 | Queue | Fishing Ship |
| 6:06 | Queue | Villager (Male) |
| 6:16 | Queue | Villager (Male) |
| 6:28 | Queue | Fishing Ship |
| 7:03 | Queue | Villager (Male) |
| 7:03 | Queue | Villager (Male) |
| 7:06 | Queue | Villager (Male) |
| 7:09 | Queue | Fishing Ship |
| 7:30 | Queue | Fishing Ship |
| 7:56 | Build | Mining Camp |
| 8:06 | Queue | Villager (Male) |
| 8:27 | Queue | Villager (Male) |
| 8:27 | Queue | Villager (Male) |
| 8:41 | Research | Loom |
| 9:00 | Research | Feudal Age |
| 9:05 | Queue | Fishing Ship |
| 9:23 | Build | Mining Camp |
| 9:36 | Queue | Fishing Ship |
| 9:51 | Build | House |
| 10:10 | Build | Mill |
| 10:35 | Build | Palisade Gate |
| 10:36 | Build | House |
| 11:16 | Queue | Villager (Male) |
| 11:16 | Queue | Villager (Male) |
| 11:18 | Age | Feudal Age |
| 11:34 | Build | House |
| 11:40 | Queue | Villager (Male) |
| 11:44 | Build | Palisade Wall |
| 11:45 | Build | Palisade Gate |
| 11:49 | Build | Palisade Wall |
| 11:50 | Build | Palisade Gate |
| 11:54 | Queue | Villager (Male) |
| 12:00 | Build | Palisade Wall |
| 12:01 | Build | Palisade Gate |
| 12:13 | Build | Watch Tower |
| 12:28 | Build | Palisade Gate |
| 12:31 | Build | Palisade Gate |
| 12:43 | Build | Watch Tower |
| 12:45 | Queue | Villager (Male) |
| 13:00 | Build | Farm |
| 13:31 | Build | Watch Tower |
| 13:33 | Research | Wheelbarrow |
| 14:09 | Build | House |
| 14:14 | Queue | Villager (Male) |
| 15:01 | Queue | Villager (Male) |
| 15:11 | Build | Market |
| 15:45 | Queue | Villager (Male) |
| 15:55 | Build | Blacksmith |
| 16:16 | Build | Farm |
| 16:28 | Research | Castle Age |
| 16:38 | Build | Palisade Wall |
| 16:39 | Build | Palisade Gate |
| 16:42 | Build | Palisade Wall |
| 16:43 | Build | Palisade Gate |
| 16:47 | Build | Palisade Wall |
| 16:50 | Research | Fletching |
| 17:23 | Queue | Villager (Male) |
| 17:29 | Build | Farm |
| 17:32 | Build | Farm |
| 17:34 | Research | Horse Collar |
| 18:00 | Build | Dock |
| 18:00 | Queue | Villager (Male) |
| 18:20 | Research | Double-Bit Axe |
| 18:36 | Build | Mining Camp |
| 18:52 | Queue | Fishing Ship |
| 19:08 | Age | Castle Age |
| 19:10 | Research | Bodkin Arrow |
| 19:12 | Queue | Villager (Male) |
| 19:12 | Queue | Villager (Male) |
| 19:12 | Queue | Villager (Male) |
| 19:29 | Build | Castle |
| 19:33 | Build | House |
| 19:40 | Queue | Villager (Male) |
| 19:40 | Queue | Villager (Male) |
| 20:06 | Build | House |
| 20:13 | Queue | Conquistador |
| 20:13 | Queue | Conquistador |
| 20:39 | Build | Farm |
| 20:43 | Queue | Conquistador |
| 20:53 | Queue | Villager (Male) |
| 21:01 | Queue | Conquistador |
| 21:01 | Queue | Conquistador |
| 21:29 | Build | Farm |
| 21:31 | Queue | Conquistador |
| 21:31 | Queue | Conquistador |
| 21:46 | Build | Monastery |
| 21:53 | Queue | Villager (Male) |
| 21:53 | Queue | Villager (Male) |
| 22:03 | Queue | Villager (Male) |
| 22:20 | Queue | Conquistador |
| 22:23 | Queue | Villager (Male) |
| 22:27 | Queue | Missionary |
| 22:29 | Queue | Villager (Male) |
| 22:43 | Queue | Conquistador |
| 22:43 | Queue | Conquistador |
| 22:43 | Queue | Conquistador |
| 22:45 | Queue | Villager (Male) |
| 22:48 | Build | Farm |
| 23:09 | Queue | Missionary |
| 23:39 | Queue | Conquistador |
| 23:39 | Queue | Conquistador |
| 23:59 | Queue | Missionary |
| 24:19 | Queue | Villager (Male) |
| 24:23 | Build | University |
| 24:33 | Queue | Conquistador |
| 24:33 | Queue | Conquistador |
| 24:51 | Queue | Conquistador |
| 24:52 | Queue | Conquistador |
| 24:54 | Queue | Missionary |
| 24:59 | Queue | Villager (Male) |
| 25:05 | Queue | Villager (Male) |
| 25:05 | Queue | Villager (Male) |
| 25:22 | Queue | Conquistador |
| 25:24 | Queue | Missionary |
| 25:32 | Queue | Villager (Male) |
| 25:33 | Build | House |
| 25:34 | Build | House |
| 25:34 | Queue | Villager (Male) |
| 25:50 | Queue | Missionary |
| 26:30 | Queue | Conquistador |
| 26:30 | Queue | Conquistador |
| 26:30 | Queue | Conquistador |
| 26:32 | Queue | Missionary |
| 26:45 | Queue | Villager (Male) |
| 26:48 | Queue | Missionary |
| 26:49 | Queue | Villager (Male) |
| 26:50 | Build | House |
| 26:51 | Build | House |
| 26:51 | Queue | Villager (Male) |
Build order — acherafo1234
First 150 of 292 actions detected
| 0:00 | Queue | Villager (Male) |
| 0:00 | Queue | Villager (Male) |
| 0:01 | Build | House |
| 0:02 | Build | House |
| 0:02 | Queue | Villager (Male) |
| 0:17 | Queue | Villager (Male) |
| 1:03 | Build | Lumber Camp |
| 1:30 | Queue | Villager (Male) |
| 1:57 | Queue | Villager (Male) |
| 2:27 | Queue | Villager (Male) |
| 2:59 | Queue | Villager (Male) |
| 2:59 | Queue | Villager (Male) |
| 3:16 | Build | Dock |
| 3:31 | Queue | Villager (Male) |
| 3:52 | Build | House |
| 3:57 | Queue | Villager (Male) |
| 4:02 | Queue | Fishing Ship |
| 4:09 | Build | Palisade Wall |
| 4:10 | Build | Palisade Wall |
| 4:11 | Build | Palisade Wall |
| 4:22 | Queue | Villager (Male) |
| 4:42 | Queue | Villager (Male) |
| 4:42 | Queue | Villager (Male) |
| 4:52 | Queue | Fishing Ship |
| 5:00 | Queue | Villager (Male) |
| 5:09 | Queue | Villager (Male) |
| 5:31 | Queue | Fishing Ship |
| 5:37 | Queue | Villager (Male) |
| 6:03 | Queue | Villager (Male) |
| 6:05 | Queue | Fishing Ship |
| 6:21 | Build | House |
| 6:28 | Queue | Villager (Male) |
| 6:43 | Queue | Fishing Ship |
| 7:01 | Build | House |
| 7:14 | Queue | Villager (Male) |
| 7:52 | Research | Loom |
| 7:54 | Build | Barracks |
| 8:12 | Research | Feudal Age |
| 8:28 | Build | Mining Camp |
| 8:48 | Queue | Militia |
| 8:50 | Queue | Militia |
| 9:06 | Queue | Militia |
| 9:34 | Queue | Villager (Male) |
| 9:49 | Build | House |
| 10:27 | Age | Feudal Age |
| 10:30 | Build | Watch Tower |
| 10:32 | Queue | Villager (Male) |
| 10:35 | Research | Man-at-Arms (upgrade) |
| 10:35 | Research | Man-at-Arms (upgrade) |
| 10:48 | Build | House |
| 10:51 | Build | Archery Range |
| 10:56 | Research | Arson |
| 11:01 | Queue | Villager (Male) |
| 11:03 | Build | Mill |
| 11:23 | Build | Dock |
| 11:27 | Build | Palisade Wall |
| 11:32 | Queue | Villager (Male) |
| 11:34 | Build | Palisade Wall |
| 11:35 | Build | Palisade Wall |
| 11:35 | Build | Palisade Wall |
| 11:35 | Build | Palisade Wall |
| 11:35 | Build | Palisade Wall |
| 11:36 | Build | Palisade Wall |
| 11:36 | Build | Palisade Wall |
| 11:59 | Queue | Villager (Male) |
| 12:12 | Queue | Skirmisher |
| 12:17 | Build | Blacksmith |
| 12:19 | Queue | Archer |
| 12:20 | Queue | Villager (Male) |
| 12:43 | Queue | Skirmisher |
| 12:50 | Queue | Fishing Ship |
| 12:51 | Queue | Fishing Ship |
| 12:52 | Queue | Villager (Male) |
| 13:23 | Build | Mining Camp |
| 13:39 | Queue | Villager (Male) |
| 13:40 | Queue | Fishing Ship |
| 14:00 | Queue | Villager (Male) |
| 14:28 | Queue | Villager (Male) |
| 14:41 | Build | Market |
| 14:45 | Research | Castle Age |
| 15:02 | Research | Double-Bit Axe |
| 15:02 | Research | Double-Bit Axe |
| 15:11 | Build | Watch Tower |
| 15:18 | Build | Palisade Wall |
| 15:18 | Build | Palisade Wall |
| 15:18 | Build | Palisade Wall |
| 15:19 | Build | Palisade Wall |
| 15:19 | Build | Palisade Wall |
| 15:20 | Build | Palisade Wall |
| 15:20 | Build | Palisade Wall |
| 15:20 | Build | Palisade Wall |
| 15:20 | Build | Palisade Wall |
| 15:21 | Build | Palisade Wall |
| 15:29 | Build | Archery Range |
| 15:32 | Queue | Villager (Male) |
| 15:44 | Queue | Galley |
| 15:53 | Build | House |
| 16:12 | Build | Farm |
| 16:31 | Build | House |
| 16:47 | Queue | Villager (Male) |
| 17:00 | Research | Fletching |
| 17:01 | Research | Fletching |
| 17:09 | Queue | Villager (Male) |
| 17:32 | Build | House |
| 17:34 | Age | Castle Age |
| 17:42 | Build | Town Center |
| 17:45 | Queue | Elephant Archer |
| 17:45 | Queue | Elephant Archer |
| 17:52 | Research | Gold Mining |
| 17:52 | Research | Gold Mining |
| 18:02 | Queue | Villager (Male) |
| 18:05 | Build | Dock |
| 18:12 | Queue | Fishing Ship |
| 18:21 | Research | Tech 906 |
| 18:21 | Research | Tech 906 |
| 18:25 | Queue | Villager (Male) |
| 18:34 | Queue | Elephant Archer |
| 18:38 | Queue | Villager (Male) |
| 18:51 | Research | Bodkin Arrow |
| 18:51 | Research | Bodkin Arrow |
| 19:01 | Queue | Villager (Male) |
| 19:08 | Queue | Villager (Male) |
| 19:11 | Queue | Villager (Male) |
| 19:17 | Queue | Elephant Archer |
| 19:17 | Queue | Elephant Archer |
| 19:24 | Queue | Fishing Ship |
| 19:34 | Queue | Villager (Male) |
| 19:37 | Build | Stable |
| 20:01 | Queue | Villager (Male) |
| 20:13 | Queue | Elephant Archer |
| 20:13 | Queue | Elephant Archer |
| 20:21 | Queue | Fishing Ship |
| 20:22 | Queue | Villager (Male) |
| 20:25 | Build | Dock |
| 20:38 | Queue | Galley |
| 20:39 | Queue | Villager (Male) |
| 20:48 | Queue | Villager (Male) |
| 21:03 | Build | Town Center |
| 21:08 | Research | Padded Archer Armor |
| 21:09 | Queue | Villager (Male) |
| 21:19 | Queue | Villager (Male) |
| 21:37 | Build | Town Center |
| 21:38 | Queue | Villager (Male) |
| 21:38 | Queue | Villager (Male) |
| 21:46 | Queue | Villager (Male) |
| 21:47 | Queue | Fishing Ship |
| 21:56 | Queue | Fishing Ship |
| 22:05 | Build | House |
| 22:13 | Queue | Villager (Male) |
| 22:18 | Queue | Villager (Male) |
Match timeline
| 3:16 | acherafo1234 · first_building Dock |
| 4:09 | acherafo1234 · wall_segment Palisade Wall x1 |
| 4:10 | acherafo1234 · wall_segment Palisade Wall x1 |
| 4:11 | acherafo1234 · wall_segment Palisade Wall x1 |
| 4:43 | Real 2K · first_building Dock |
| 7:54 | acherafo1234 · first_building Barracks |
| 10:27 | acherafo1234 · age_up feudal |
| 10:51 | acherafo1234 · first_building Archery Range |
| 11:18 | Real 2K · age_up feudal |
| 11:27 | acherafo1234 · wall_segment Palisade Wall x1 |
| 11:34 | acherafo1234 · wall_segment Palisade Wall x1 |
| 11:35 | acherafo1234 · wall_segment Palisade Wall x1 |
| 11:35 | acherafo1234 · wall_segment Palisade Wall x1 |
| 11:35 | acherafo1234 · wall_segment Palisade Wall x1 |
| 11:35 | acherafo1234 · wall_segment Palisade Wall x2 |
| 11:36 | acherafo1234 · wall_segment Palisade Wall x1 |
| 11:36 | acherafo1234 · wall_segment Palisade Wall x1 |
| 11:44 | Real 2K · wall_segment Palisade Wall x3 |
| 11:49 | Real 2K · wall_segment Palisade Wall x2 |
| 12:00 | Real 2K · wall_segment Palisade Wall x4 |
| 15:18 | acherafo1234 · wall_segment Palisade Wall x1 |
| 15:18 | acherafo1234 · wall_segment Palisade Wall x1 |
| 15:18 | acherafo1234 · wall_segment Palisade Wall x2 |
| 15:19 | acherafo1234 · wall_segment Palisade Wall x1 |
| 15:19 | acherafo1234 · wall_segment Palisade Wall x1 |
| 15:20 | acherafo1234 · wall_segment Palisade Wall x1 |
| 15:20 | acherafo1234 · wall_segment Palisade Wall x2 |
| 15:20 | acherafo1234 · wall_segment Palisade Wall x2 |
| 15:20 | acherafo1234 · wall_segment Palisade Wall x2 |
| 15:21 | acherafo1234 · wall_segment Palisade Wall x1 |
| 16:38 | Real 2K · wall_segment Palisade Wall x2 |
| 16:42 | Real 2K · wall_segment Palisade Wall x2 |
| 16:47 | Real 2K · wall_segment Palisade Wall x2 |
| 17:34 | acherafo1234 · age_up castle |
| 17:41 | acherafo1234 · first_market_buy 100 stone |
| 17:48 | acherafo1234 · first_market_sell 100 food |
| 19:08 | Real 2K · age_up castle |
| 19:29 | Real 2K · first_building Castle |
| 19:37 | acherafo1234 · first_building Stable |
| 21:25 | Real 2K · first_market_buy 100 food |
| 21:46 | Real 2K · first_building Monastery |
| 22:22 | acherafo1234 · first_building Monastery |
| 26:55 | Real 2K · first_market_sell 100 wood |
| 27:58 | acherafo1234 · wall_segment Palisade Wall x1 |
| 28:00 | acherafo1234 · wall_segment Palisade Wall x1 |
| 30:13 | Real 2K · first_building Barracks |
| 30:40 | acherafo1234 · first_building Castle |
| 31:25 | Real 2K · resign |
[ AI ANALYSIS · 1 CREDIT ]
What really happened in this match?
Wolo.gg analyzes every decision: build order, eco, micro, common mistakes by bracket. Personalized analysis on WhatsApp or Discord in 30 seconds.
Civ guide
Spanish
Perfil
Jugador #18506023